 Dungeon Crawl Stone Soup version 0.18-a0-853-gfe32976 (webtiles) character file.

139 Arkorax the Nimble (level 5, -2/27 HPs)
             Began as a Spriggan Wanderer on Dec 21, 2015.
             Was a Believer of Pakellas.
             Killed from afar by Natasha (6 damage)
             ... with a wand of magic darts
             ... on level 4 of the Dungeon.
             The game lasted 00:04:34 (2285 turns).

Arkorax the Nimble (Spriggan Wanderer)              Turns: 2285, Time: 00:04:34

Health: -2/27      AC:  7    Str:  7    XL:     5   Next: 1%
Magic:  7/7        EV: 26    Int: 14    God:    Pakellas [**....]
Gold:   94         SH:  0    Dex: 17    Spells: 0 memorised, 4 levels left

rFire  . . .     SeeInvis +     o - +2 short sword (protect)
rCold  . . .     Gourm    .     b - +0 robe
rNeg   . . .     Faith    .     (shield restricted)
rPois  .         Spirit   .     (helmet restricted)
rElec  .         Dismiss  .     (no cloak)
rCorr  .         Reflect  .     (gloves unavailable)
SustAt .         Harm     .     (boots unavailable)
MR     .....                    j - amulet of rage
Stlth  ++........               (no ring)
                                (no ring)

@: very quick, not resistant to hostile enchantments, unstealthy
A: unfitting armour, talons 1, see invisible, herbivore 3, speed 3, slow
metabolism 2
a: Quick Charge, Renounce Religion, Evoke Berserk Rage


You were on level 4 of the Dungeon.
You worshipped Pakellas.
Pakellas was pleased with you.
You were not hungry.

You visited 1 branch of the dungeon, and saw 4 of its levels.

You collected 94 gold pieces.

Inventory:

Hand Weapons
 a - a +2 hand axe
 o - a +2 short sword of protection (weapon)
 r - a +0 short sword of draining
Armour
 b - a +0 robe (worn)
Magical Staves
 t - an uncursed staff of fire
Jewellery
 e - an uncursed ring of flight {unknown}
 j - an amulet of rage (around neck)
Wands
 u - a wand of lightning (5/15)
Scrolls
 h - 3 scrolls of fog {unknown}
 i - a scroll of enchant armour {unknown}
 k - a scroll of recharging {unknown}
 l - 4 scrolls of identify {unknown}
 m - a scroll of fear {unknown}
 n - 2 scrolls of amnesia {unknown}
 p - 3 scrolls of teleportation {unknown}
 q - a scroll of blinking {unknown}
 s - a scroll of random uselessness {unknown}
Potions
 c - a potion of lignification
 g - 2 potions of curing
 v - a potion of cancellation {unknown}
Comestibles
 d - 2 bread rations
 f - a royal jelly


   Skills:
 * Level 2.6 Fighting
 + Level 0.9 Short Blades
 - Level 1.0 Axes
 * Level 10.8 Dodging
 - Level 1.5 Stealth
 - Level 1.3 Evocations


You had 4 spell levels left.
You didn't know any spells.

Dungeon Overview and Level Annotations

Branches:
Dungeon (4/15)
 Temple: D:4-7

Altars:
Gozag
Makhleb
Pakellas
Qazlal
Yredelemnul

Annotations:
D:3 exclusion: goblin
D:4 Natasha


Innate Abilities, Weirdness & Mutations

You are tiny and cannot use many weapons and most armour.
You have supernaturally acute eyesight.
You are a herbivore.
You cover ground extremely quickly.
You need consume almost no food.
You have sharp toenails.


Message History

There is a stone staircase leading down here.
You barely miss Natasha.
Natasha zaps a wand.
The magic dart hits you!
You hit Natasha. You claw Natasha.
Natasha is lightly wounded.
Natasha zaps a wand.
The magic dart hits you!
You puncture Natasha! Your kick misses Natasha.
Natasha is heavily wounded.
Natasha misses you.
You miss Natasha. You claw Natasha, but do no damage.
Natasha is heavily wounded.
Natasha drinks a potion.
Natasha is healed!
You hit Natasha but do no damage. You claw Natasha, but do no damage.
Natasha zaps a wand.
The magic dart hits you!
You hit Natasha but do no damage. You claw Natasha, but do no damage.
Natasha mumbles some strange words.
You hit Natasha but do no damage. You claw Natasha, but do no damage.
Natasha zaps a wand.
The magic dart hits you!
* * * LOW HITPOINT WARNING * * *
Natasha zaps a wand.
The magic dart hits you!
You die...

##+##........#
.............#
.......$.....#
$.......$....##
...#####...%..#
... #......# ..
#......#
#......#
+.@5...#
#..h...#
########


You could see Natasha and a shadow imp.

Vanquished Creatures
  An orc wizard (D:4)
  An iguana (D:4)
  A hound skeleton (D:4)
  An adder (D:2)
  A worm (D:2)
  An adder skeleton (D:4)
  A giant gecko (D:3)
  4 orcs (D:4)
  6 bats (D:1)
  3 giant cockroaches
  8 hobgoblins
  4 kobolds
  3 quokkas
  A giant gecko zombie (D:2)
  3 giant newts
  6 goblins
  10 rats
55 creatures vanquished.

Vanquished Creatures (others)
  A plant (D:3)
1 creature vanquished.

Grand Total: 56 creatures vanquished

Notes
Turn   | Place    | Note
--------------------------------------------------------------
     0 | D:1      | Reached skill level 10 in Dodging
     0 | D:1      | Arkorax the Spriggan Wanderer began the quest for the Orb.
     0 | D:1      | Arkorax set off with: a +2 hand axe, a +0 robe, a potion of lignification, a bread ration
     0 | D:1      | Reached XP level 1. HP: 9/9 MP: 3/3
   289 | D:1      | Reached XP level 2. HP: 14/14 MP: 4/4
   326 | D:1      | Reached skill level 1 in Fighting
   737 | D:2      | Found a faded altar to an unknown god.
   749 | D:2      | Reached XP level 3. HP: 14/18 MP: 5/5
   752 | D:2      | Became a worshipper of Pakellas the Inventive
   752 | D:2      | Reached * piety under Pakellas
  1195 | D:2      | You fall through a shaft!
  1318 | D:3      | Found a burning altar of Makhleb.
  1318 | D:3      | Found an opulent altar of Gozag.
  1733 | D:3      | Found a basalt altar of Yredelemnul.
  1734 | D:3      | Found a stormy altar of Qazlal.
  1877 | D:3      | Reached ** piety under Pakellas
  1877 | D:3      | Received a gift from Pakellas
  1902 | D:3      | Gained mutation: You have sharp toenails. [potion of beneficial mutation]
  2039 | D:4      | Reached XP level 4. HP: 23/23 MP: 6/6
  2220 | D:4      | Reached XP level 5. HP: 27/27 MP: 7/7
  2272 | D:4      | Noticed Natasha
  2285 | D:4      | Killed from afar by Natasha

Vault maps used:
D:1:      dpeg_arrival_more_subterranean_lakeside_camping
D:2:      lemuel_doored_altar, lemuel_crystal_altar, ecumenical_altar_2,
          serial_undead, serial_undead_c, serial_undead_d, serial_undead_d,
          serial_undead_e, trog_three_pillars_becter
D:3:      gammafunk_temple_overflow_statue, gammafunk_temple_overflow_wave,
          first_bread, serial_bayou_pond_a, minmay_goblin_outpost
D:4:      minmay_temple_entry_enclosed_plants, uniq_blork_the_orc, uniq_natasha

Action                   |  1- 3 |  4- 6 || total
-------------------------+-------+-------++-------
Melee: Hand axe          |    91 |       ||    91
       Short sword       |    53 |    50 ||   103
  Use: Potion            |     3 |       ||     3
 Stab: Sleeping          |     8 |     1 ||     9
